 Dungeon Crawl Stone Soup version 0.28-a0-1613-gdaab1c2f9b (webtiles) character file.

Game seed: 1436790524283840440

112 parzival7114810 the Chopper (level 4, -1/33 HPs)
             Began as a Demonspawn Gladiator on Jan 21, 2022.
             Slain by an orc priest (3 damage)
             ... on level 4 of the Dungeon.
             The game lasted 00:09:15 (4831 turns).

parzival7114810 the Chopper (Demonspawn Gladiator)  Turns: 4831, Time: 00:09:15

Health: -1/33      AC:  4    Str: 17    XL:     4   Next: 63%
Magic:  4/4        EV: 12    Int:  9    God:
Gold:   75         SH:  0    Dex: 14    Spells: 3/3 levels left

rFire   . . .      SeeInvis +   p - +3 short sword (drain)
rCold   . . .      Faith    .   (no shield)
rNeg    . . .      Spirit   .   b - +0 leather armour
rPois   .          Reflect  .   c - +0 helmet
rElec   .          Harm     .   (no cloak)
rCorr   .          Rampage  .   (no gloves)
Will    .....                   (no boots)
Stlth   +.........              (no amulet)
HPRegen 1.11/turn               j - ring of see invisible
MPRegen 0.09/turn               (no ring)

@: about to teleport
A: powered by death 1, demonic touch 2
a: no special abilities


You were on level 4 of the Dungeon.
You visited 1 branch of the dungeon, and saw 4 of its levels.

You collected 75 gold pieces.

Inventory:

Hand Weapons
 a - a +0 war axe
 h - a +3 dagger
 p - a +3 short sword of draining (weapon)
Missiles
 d - 3 throwing nets (quivered)
Armour
 b - a +0 leather armour (worn)
 c - a +0 helmet (worn)
 g - a +0 ring mail
Jewellery
 j - a ring of see invisible (left hand)
Wands
 m - a wand of polymorph (1)
Scrolls
 f - 3 scrolls of identify
 k - a scroll of amnesia
 q - a scroll of noise
Potions
 i - 2 potions of cancellation
 l - a potion of degeneration


   Skills:
 + Level 2.2 Fighting
 + Level 1.2 Short Blades
 + Level 3.2 Axes
 + Level 1.8 Throwing
 + Level 2.0 Armour
 + Level 3.2 Dodging
 + Level 0.8 Stealth


You had 3 spell levels left.
You didn't know any spells.
Your spell library contained the following spells:

 Spells                   Type           Power      Damage    Failure   Level
 Ensorcelled Hibernation  Hex/Ice        0%         N/A       58%         2
 Spider Form              Tmut/Pois      0%         N/A       82%         3
 Anguish                  Hex/Necr       0%         N/A       99%         4


Dungeon Overview and Level Annotations

Branches:
Dungeon (4/15)             Temple (0/1) D:4

Altars:


Innate Abilities, Weirdness & Mutations

You regenerate a little health from kills.
Your touch may inflict irresistible damage on your foes.


Message History

You are no longer poisoned.
You start resting.
An orc comes into view. It is wielding a +0 whip.
An orc is nearby!
An orc is nearby!
An orc is nearby!
An orc is nearby!
An orc is nearby!
Found a staircase to the Ecumenical Temple.
An orc priest comes into view. It is wielding a +0 club.
The orc priest shouts!
An orc comes into view. It is wielding a +0 mace. x2
A goblin comes into view. It is wielding a +0 club.
The goblin shouts!
The orc grunts loudly, as Orcs often do.
An endoplasm comes into view.
A scorpion comes into view.
The endoplasm quivers.
Found a trident.
An orc comes into view. It is wielding a +0 flail.
The orc shouts!
The orc closely misses you.
An orc comes into view. It is wielding a +0 club.
You puncture the orc!
You kill the orc!
The orc priest mumbles some strange prayers to Beogh against you.
Beogh smites you!
* * * LOW HITPOINT WARNING * * *
An orc comes into view. It is wielding a +0 club.
Things that are here:
a +0 mace; an orc corpse The orc priest hits you with a +0 club.
* * * LOW HITPOINT WARNING * * *
As you read the scroll of teleportation, it crumbles to dust.
You feel strangely unstable. The endoplasm freezes you.
You are frozen.
* * * LOW HITPOINT WARNING * * *
The orc priest hits you with a +0 club.
You die...

#.# #.# ...# # #<# #.#
...## .###
#.######.####.o..# ....
................#.
...####.....).........
#..# #.........###.#.
#...##.........#
o.###...#.........#
.........@......).#
#.....#.oJ....##...#
#..>. ###s#####..8..#
#... #..g...#.........
..........####.....8...#
..###...#.# #..>......#
. #...##.# #.....8..##
#o.. ... #.......## .o..
...


You could see a scorpion, an orc priest, an endoplasm and a goblin.

Vanquished Creatures
  Ijyb (D:3)
  3 adders
  A worm (D:3)
  2 dart slugs
  3 orcs
  7 ball pythons
  4 endoplasms
  A giant cockroach (D:2)
  3 goblins
  A hobgoblin (D:2)
  2 quokkas
  6 bats
  A frilled lizard (D:2)
  9 kobolds
  2 rats
46 creatures vanquished.

Vanquished Creatures (others)
  7 plants (D:2)
7 creatures vanquished.

Grand Total: 53 creatures vanquished

Notes
Turn   | Place    | Note
-------+----------+-------------------------------------------
     0 | D:1      | parzival7114810 the Demonspawn Gladiator began the quest
                  | for the Orb.
     0 | D:1      | Reached XP level 1. HP: 16/16 MP: 1/1
   816 | D:1      | Gained mutation: Your touch may inflict minor irresistible
                  | damage on your foes. [demonic ancestry]
   816 | D:1      | Reached XP level 2. HP: 1/22 MP: 2/2
  1799 | D:1      | Found a faded altar of an unknown god.
  1814 | D:1      | You fall into a shaft and drop 1 floor!
  2437 | D:2      | Reached skill level 1 in Armour
  2895 | D:2      | Gained mutation: You regenerate a little health from kills.
                  | [demonic ancestry]
  2895 | D:2      | Reached XP level 3. HP: 13/27 MP: 3/3
  4135 | D:3      | Noticed Ijyb
  4392 | D:3      | Killed Ijyb
  4393 | D:3      | Reached skill level 1 in Short Blades
  4393 | D:3      | Gained mutation: Your touch may inflict irresistible damage
                  | on your foes. [demonic ancestry]
  4393 | D:3      | Reached XP level 4. HP: 33/33 MP: 4/4
  4818 | D:4      | Found a staircase to the Ecumenical Temple.
  4824 | D:4      | Noticed a scorpion
  4831 | D:4      | Slain by an orc priest

Illustrated notes

Levels and vault maps discovered:
D:1:      dpeg_arrival_erosion, layout_basic, shapermc_ecumenical_altar_gd,
          amcnicky_mini_pool_small, st_stairs_2, chequers_serial_rivers_small_a
D:2:      layout_rooms, serial_bayou, serial_bayou_pond_e, serial_bayou_pond_d,
          serial_bayou_lagoon_b, serial_bayou_lagoon_a, serial_bayou_pond_c,
          serial_bayou_pond_a, minmay_misc_feat_iff, minmay_misc_feat_columns
D:3:      layout_rooms, uniq_ijyb
D:4:      layout_basic, minmay_temple_entry_tees, grunt_ministairs_9

Skill      XL: |  1  2  3 |
---------------+----------+-----
Axes           | 3 |  3.2
Armour         | 1 2 |  2.0
Dodging        | 3 |  3.2
Short Blades   | 1 |  1.2
Fighting       | |  2.2
Throwing       | |  1.8
Stealth        | |  0.8

Action                   |  1- 3 |  4- 6 || total
-------------------------+-------+-------++-------
Melee: War axe           |    23 |       ||    23
       Dagger            |    61 |       ||    61
       Touch             |    10 |     2 ||    12
       Short sword       |    30 |    13 ||    43
       Unarmed           |    21 |       ||    21
  Use: Scroll            |     9 |     1 ||    10
       Potion            |     4 |       ||     4
Armor: Leather armour    |    70 |     8 ||    78
       Skin              |    26 |       ||    26
Dodge: Dodged            |   153 |    11 ||   164

Table legend: (Time is in decaauts)
 A = Elapsed time spent in this place.
 B = Non-inter-level travel time spent in this place.
 C = Inter-level travel time spent in this place.
 D = Time resting spent in this place.
 E = Time spent auto-exploring this place.
 F = Levels seen in this place.
 G = Mean time per level.
                   A        B        C        D        E       F      G
               +--------+--------+--------+--------+--------+-----+--------+
         Total |   4891 |   4808 |     83 |   2814 |   1313 |   4 | 1222.8 |
       Dungeon |   4891 |   4808 |     83 |   2814 |   1313 |   4 | 1222.8 |
               +--------+--------+--------+--------+--------+-----+--------+

Top non-repeatable levels by time:
     D:2: 2054 daAuts
     D:1: 1841 daAuts
     D:3: 915 daAuts
     D:4: 80 daAuts
